 Dungeon Crawl Stone Soup version 0.31-a0-765-g67fe2935dc (webtiles) character file.

Game seed: 3319953657374415059

514 Skeral the Ruffian (level 7, -6/68 HPs)
             Began as a Troll Shapeshifter on Sept 16, 2023.
             Mangled by an iguana (9 damage)
             ... on level 5 of the Dungeon.
             The game lasted 00:08:37 (3095 turns).

Skeral the Ruffian (Troll Shapeshifter)             Turns: 3095, Time: 00:08:38

Health: -6/68      AC:  4    Str: 23    XL:     7   Next: 0%
Magic:  6/6        EV:  9    Int: 12    God:
Gold:   239        SH:  0    Dex: 11    Spells: 6/6 levels left

rFire   . .          .
                       - Unarmed
rCold   . . .        (no shield)
rNeg    . . .        a - +0 animal skin
rPois   .            (helmet currently unavailable)
rElec   .            (cloak currently unavailable)
rCorr   .            (gloves unavailable)
SInv    .            (boots unavailable)
Will    .....        (no amulet)
Stlth   +            I - +6 ring of intelligence
HPRegen 1.11/turn    (no ring)
MPRegen 0.10/turn

%: no passive effects
@: beast-form
A: beast (slay +2), large, unfitting armour, claws 3, regeneration 1, shaggy fur
1, tough skin 1
a: Begin Untransformation


You were on level 5 of the Dungeon.
You were a hulking beast.
You visited 1 branch of the dungeon, and saw 5 of its levels.

You collected 239 gold pieces.


Innate Abilities, Weirdness & Mutations

You are a hulking beast.
Your limbs bulge with bestial killing power. (Slay +2)
You are too large for most types of armour.
You have claws for hands.
Your natural rate of healing is unusually fast.
You are covered in fur. (AC +1)
You have tough skin. (AC +1)


   Skills:
 + Level 3.8 Fighting
 - Level 1.5 Dodging
 + Level 5.5 Unarmed Combat
 + Level 4.2 Shapeshifting


You had 6 spell levels left.
You didn't know any spells.
Your spell library contained the following spells:

 Spells                   Type           Power      Damage    Failure   Level
 Ensorcelled Hibernation  Hex/Ice        0%         N/A       45%         2
 Passwall                 Tmut/Erth      0%         N/A       45%         2
 Sublimation of Blood     Necr           0%         N/A       45%         2
 Wereblood                Tmut           0%         N/A       45%         2
 Swiftness                Air            0%         N/A       69%         3
 Summon Hydra             Summ           0%         N/A       100%        7

Inventory:

Missiles
 k - 7 boomerangs
 q - 6 darts of dispersal {=f!f}
Armour
 a - a +0 animal skin (worn)
 t - a +0 cloak
   (You found it on level 5 of the Dungeon)
Jewellery
 I - a +6 ring of intelligence (left claw)
   (You took it off a gnoll on level 2 of the Dungeon)
Talismans
 c - a beast talisman (active)
 d - a flux talisman
 m - a blade talisman
   (You found it on level 2 of the Dungeon)
Wands
 i - a wand of charming (1)
   (You found it on level 2 of the Dungeon)
 s - a wand of flame (20)
   (You found it on level 4 of the Dungeon)
Scrolls
 f - a scroll of silence {unknown}
 j - 7 scrolls of identify {unknown}
 l - a scroll of teleportation {unknown}
 n - a scroll of amnesia {unknown}
Potions
 b - 3 potions of lignification {!q}
 e - a potion of might {unknown}
 g - a potion of haste {unknown}
 h - a potion of attraction {unknown}
 o - 3 potions of heal wounds {unknown}
 p - 2 potions of curing {unknown}
 r - a potion of berserk rage {unknown}
 u - a potion of resistance {unknown}

Dungeon Overview and Level Annotations

Branches:
Dungeon (5/15) Zot: 26694
 Temple: D:4-7

Altars:
Dithmenos
Uskayaw
Vehumet
Yredelemnul
The Shining One

Shops:
D:1 :   D:4 : D:5

[ ...#..# #.......#
..>#..# #.......# ..#..#
#.......# ..#..#
#.......#..# #.#..#
#.[.....#..#
#.#..####....####..
#.#.............#.#
..#.#.l.............#.##
.......Oh........))......
...#.##<.................
. .. ..........#'#..)....
#..#....####..♣#'#♣.)....
#. ####.# #.###'###.....
# #.. ...+ +∩+''.....
#..... #+###..... ......
♣...... .... #...####


You could see an ogre and an iguana.


Message History

😕 HP[+1]
There is an entrance to Rybommav's Antique Armour Boutique here. 😕 HP[+1]
A water moccasin comes into view. 😕 HP[+2]
You regained 2 hp, and now have 59/61 hp.
The water moccasin hisses angrily.
There is an open door here. 😕 HP[+1]
You closely miss the water moccasin. The water moccasin bites you.
You are poisoned.
The water moccasin poisons you! The water moccasin bites you. 😕 HP[-8]
You take 8 damage, and now have 52/61 hp.
You claw the water moccasin!
You feel very sick. The water moccasin bites you!
You are more poisoned.
The water moccasin poisons you! 😮 HP[-9]
You take 9 damage, and now have 43/61 hp.
Okay, then.
You claw the water moccasin!
You feel very sick.
The water moccasin bites you but does no damage. 😮 HP[-3]
You take 3 damage, and now have 40/61 hp.
You claw the water moccasin!
You kill the water moccasin!
You feel very sick.
You have reached level 7! 😮 HP[+2] MP[+1]
You now have 68 max hp (+7).
You regained 2 hp, and now have 42/68 hp.
Your mp is fully restored (6).
You start resting.
You feel very sick.
You feel sick. x8
You are no longer poisoned. 😮 HP[-4]
You take 4 damage, and now have 38/68 hp.
You start resting. 😎 HP[+30]
Your hp is fully restored (68).
There is an open door, spattered with blood here.
There is an open door here.
k - 7 boomerangs (gained 1)
Things that are here:
a +0 dagger; an orc corpse
Things that are here:
a +0 hand axe; a +0 ring mail; an orc corpse
j - 7 scrolls labelled BAXISU BIGUG (gained 1)
An iguana comes into view.
Found a stone staircase leading down.
The iguana hisses angrily.
You hear a shout!
You see here a puce potion.
u - a puce potion You scratch the iguana.
The iguana bites you. 😕 HP[-4]
You take 4 damage, and now have 64/68 hp.
You scratch the iguana but do no damage.
An ogre comes into view. It is wielding a +0 giant club.
The iguana closely misses you. 😕 HP[+1]
You claw the iguana! The iguana barely misses you. 😕 HP[+1]
You closely miss the iguana.
The ogre hits you with a +0 giant club!!
The iguana barely misses you. 😮 HP[-19]
You take 19 damage, and now have 47/68 hp.
MASSIVE DAMAGE!! (PAUSE)
You scratch the ogre. The iguana bites you! 😮 HP[-8]
You take 8 damage, and now have 39/68 hp.
You claw the ogre!
The ogre hits you with a +0 giant club!!
* * * LOW HITPOINT WARNING * * *
The iguana bites you!
* * * LOW HITPOINT WARNING * * *
😱 HP[-37]
You take 37 damage, and now have 2/68 hp.
MASSIVE DAMAGE!! (PAUSE)
Aiming: Charm
Press: ? - help, Shift-Dir - straight line, f - ogre
Aim: an ogre, wielding a +0 giant club (severely wounded, chance to affect: 49%)
The ogre resists with some effort.
The ogre misses you. The iguana closely misses you. 😱 HP[+2]
You regained 2 hp, and now have 4/68 hp.
The iguana attacks as it pursues you! The iguana bites you.
* * * LOW HITPOINT WARNING * * *
😱 HP[-2]
You take 2 damage, and now have 2/68 hp.
Aiming: Charm
Press: ? - help, Shift-Dir - straight line, f/p - ogre
Aim: an ogre, wielding a +0 giant club (severely wounded, chance to affect: 49%)
The iguana resists with significant effort.
The iguana bites you!
You die...

Skill      XL: |  1  2  3  4  5  6 |
---------------+-------------------+-----
Fighting       | 1 2 3 |  3.8
Unarmed Combat | 4 5 |  5.5
Shapeshifting  | 4 |  4.2
Dodging        | |  1.5

Action                     |  1- 3 |  4- 6 |  7- 9 || total
---------------------------+-------+-------+-------++-------
  Melee: Unarmed           |   101 |   144 |     6 ||   251
         Punch             |     2 |     2 |       ||     4
  Evoke: Wand              |       |       |     2 ||     2
   Stab: Sleeping          |       |     1 |       ||     1
 Armour: Animal skin       |    45 |   101 |     7 ||   153
  Dodge: Dodged            |    40 |    50 |     5 ||    95

Levels and vault maps discovered:
D:1:      denvon_arrival_planthouse, layout_loops_ring, serial_shops, shop,
          shapermc_ecumenical_altar_flowoftime, st_stairs_2, feat_on_display
D:2:      layout_basic
D:3:      layout_loops_cross, amcnicky_altar_gilded, tso_metal_star,
          nicolae_uskayaw_murder_on_the_dancefloor,
          nicolae_dithmenos_the_darkroom, minmay_misc_feat_rugged,
          dk_noncrumbling_3, eino_tiny_chamber
D:4:      layout_basic, serial_shops, nicolae_shop_back_alley_shop,
          hangedman_abyss_or_decor_lesser_grid
D:5:      layout_basic, lemuel_doored_altar, lemuel_temple_firewalk_b,
          serial_shops, nicolae_shop_real_fake_doors, minmay_misc_feat_square

Notes
Turn   | Place    | Note
-------+----------+-------------------------------------------
     0 | D:1      | Skeral the Troll Shapeshifter began the quest for the Orb.
     0 | D:1      | Reached XP level 1. HP: 18/18 MP: 0/0
     0 | D:1      | magus.rc [v1.10.3]
    17 | D:1      | You pick up a book of Blood and begin reading...
    17 | D:1      | You add the spells Sublimation of Blood, Wereblood and
                  | Summon Hydra to your library.
    91 | D:1      | Reached skill level 1 in Fighting
   128 | D:1      | Reached XP level 2. HP: 27/27 MP: 1/1
   273 | D:1      | Found Qos Riucouh's Book Emporium.
   458 | D:1      | Found a faded altar of an unknown god.
   879 | D:2      | Reached XP level 3. HP: 35/35 MP: 2/2
   968 | D:2      | Reached skill level 2 in Fighting
  1009 | D:2      | Reached skill level 4 in Unarmed Combat
  1016 | D:2      | Reached XP level 4. HP: 31/44 MP: 3/3
  1502 | D:3      | Found a glowing golden altar of the Shining One.
  1606 | D:3      | Found a radiant altar of Vehumet.
  1770 | D:3      | Found a shadowy altar of Dithmenos.
  1821 | D:3      | Found a hide-covered altar of Uskayaw.
  1848 | D:3      | Reached XP level 5. HP: 44/52 MP: 4/4
  2257 | D:4      | Reached skill level 3 in Fighting
  2328 | D:4      | You pick up a book of Burglary and begin reading...
  2328 | D:4      | You add the spells Passwall, Ensorcelled Hibernation and
                  | Swiftness to your library.
  2331 | D:4      | Found Onir's Book Emporium.
  2578 | D:4      | Reached skill level 5 in Unarmed Combat
  2578 | D:4      | Reached XP level 6. HP: 48/61 MP: 5/5
  2787 | D:5      | Entered Level 5 of the Dungeon
  2911 | D:5      | Found a basalt altar of Yredelemnul.
  2994 | D:5      | Reached skill level 4 in Shapeshifting
  3015 | D:5      | Found Rybommav's Antique Armour Boutique.
  3019 | D:5      | Noticed a water moccasin
  3024 | D:5      | Killed a water moccasin
  3025 | D:5      | Reached XP level 7. HP: 42/68 MP: 6/6
  3092 | D:5      | HP: 14/68 [ogre/+0 giant club (26)]
  3092 | D:5      | HP: 2/68 [iguana (12)]
  3095 | D:5      | Mangled by an iguana

Vanquished Creatures
  A water moccasin (D:5)
  A scorpion (D:4)
  A jelly (D:5)
  An orc priest (D:5)
  An iguana (D:3)
  2 orc wizards (D:4)
  4 gnolls (D:2)
  6 adders
  A white imp (D:5)
  An ufetubus (D:5)
  2 worms
  3 dart slugs
  10 orcs
  5 bats
  5 endoplasms
  3 giant cockroaches
  10 goblins
  9 hobgoblins
  4 jackals (D:3)
  4 kobolds
  5 quokkas
  6 ball pythons
  7 frilled lizards
  4 rats
96 creatures vanquished.

Table legend:
 A = Non-vault XP
 B = Vault XP
 C = Vault XP percentage of total XP
 D = Non-vault monster count
 E = Vault monster count
 F = Vault count percentage of total count
                 A         B        C        D         E       F
            +---------+---------+-------+---------+---------+-------
      Total |     730 |       5 |   0.7 |      93 |       3 |   3.1
            +---------+---------+-------+---------+---------+-------
        D:1 |      25 |       5 |  16.7 |      16 |       3 |  15.8
        D:2 |     118 |       0 |   0.0 |      27 |       0 |   0.0
        D:3 |      95 |       0 |   0.0 |      18 |       0 |   0.0
        D:4 |     211 |       0 |   0.0 |      22 |       0 |   0.0
        D:5 |     281 |       0 |   0.0 |      10 |       0 |   0.0
            +---------+---------+-------+---------+---------+-------

Skill      XL: |  1  2  3  4  5  6 |
---------------+-------------------+-----
Fighting       | 1 2 3 |  3.8
Unarmed Combat | 4 5 |  5.5
Shapeshifting  | 4 |  4.2
Dodging        | |  1.5

Action                     |  1- 3 |  4- 6 |  7- 9 || total
---------------------------+-------+-------+-------++-------
  Melee: Unarmed           |   101 |   144 |     6 ||   251
         Punch             |     2 |     2 |       ||     4
  Evoke: Wand              |       |       |     2 ||     2
   Stab: Sleeping          |       |     1 |       ||     1
 Armour: Animal skin       |    45 |   101 |     7 ||   153
  Dodge: Dodged            |    40 |    50 |     5 ||    95

Illustrated notes

Table legend:
 A = Kills in this place as a percentage of kills in the entire game.
 B = Kills by you in this place as a percentage of kills by you in the entire game.
 C = Kills by friends in this place as a percentage of kills by friends in the entire game.
 D = Other kills in this place as a percentage of other kills in the entire game.
 E = Experience gained in this place as a percentage of experience gained in the entire game.
 F = Experience gained in this place divided by the number of levels of this place that you have seen.
                   A       B       C       D       E      F
               +-------+-------+-------+-------+-------+----------------------
         Total | 100.0 | 100.0 |   N/A |   N/A | 100.0 | 147.0
       Dungeon | 100.0 | 100.0 |   N/A |   N/A | 100.0 | 147.0
               +-------+-------+-------+-------+-------+----------------------

Table legend: (Time is in decaauts)
 A = Elapsed time spent in this place.
 B = Non-inter-level travel time spent in this place.
 C = Inter-level travel time spent in this place.
 D = Time resting spent in this place.
 E = Time spent auto-exploring this place.
 F = Levels seen in this place.
 G = Mean time per level.
                   A        B        C        D        E       F      G
               +--------+--------+--------+--------+--------+-----+--------+
         Total |   3073 |   3001 |     72 |     51 |   1846 |   5 |  614.6 |
       Dungeon |   3073 |   3001 |     72 |     51 |   1846 |   5 |  614.6 |
               +--------+--------+--------+--------+--------+-----+--------+

Top non-repeatable levels by time:
     D:2: 749 daAuts
     D:1: 733 daAuts
     D:3: 726 daAuts
     D:4: 558 daAuts
     D:5: 305 daAuts
